 Dungeon Crawl Stone Soup version 0.31-a0-229-g1fc7ce93e2 (webtiles) character file.

Game seed: 12541634562933277336

107 qw the Shooter (level 4, -4/36 HPs)
             Began as a Minotaur Hexslinger on July 6, 2023.
             Killed from afar by Sigmund (9 damage)
             ... with a puff of flame
             ... on level 3 of the Dungeon.
             The game lasted 00:00:48 (2179 turns).

qw the Shooter (Minotaur Hexslinger)                Turns: 2179, Time: 00:00:49

Health: -4/36      AC:  5    Str: 13    XL:     4   Next: 57%
Magic:  4/4        EV: 11    Int: 10    God:
Gold:   178        SH:  0    Dex: 14    Spells: 4/5 levels left

rFire   . . .        Y - +1 sling
rCold   . . .        (no shield)
rNeg    . . .        e - +0 ring mail
rPois   .            (helmet restricted)
rElec   .            (no cloak)
rCorr   .            (no gloves)
SInv    .            (no boots)
Will    .....        (no amulet) Stlth
                     g - +4 ring of slaying {mikee}
HPRegen 0.26/turn    (no ring)
MPRegen 0.09/turn

%: no passive effects
@: confused
A: horns 2, retaliatory headbutt
a: no special abilities


You were on level 3 of the Dungeon.
You visited 1 branch of the dungeon, and saw 3 of its levels.

You collected 178 gold pieces.


Innate Abilities, Weirdness & Mutations

You have a pair of horns on your head.
You reflexively headbutt those who attack you in melee.


   Skills:
 + Level 2.0 Fighting
 - Level 5.0 Ranged Weapons
 - Level 1.1 Armour
 - Level 2.1 Dodging
 - Level 1.0 Spellcasting
 - Level 2.0 Hexes


You had 4 spell levels left.
You knew the following spells:

 Your Spells              Type           Power      Damage    Failure   Level
a - Slow                  Hex            16%        N/A       32%         1

Your spell library contained the following spells:

 Spells                   Type           Power      Damage    Failure   Level
 Inner Flame              Hex/Fire       2%         N/A       82%         3
 Portal Projectile        Hex/Tloc       4%         N/A       82%         3
 Cause Fear               Hex            2%         N/A       97%         4

Inventory:

Hand Weapons
 Y - a +1 sling (weapon)
Armour
 e - a +0 ring mail (worn)
Jewellery
 g - a +4 ring of slaying (left hand) {mikee}
Scrolls
 a - a scroll of identify
 i - 2 scrolls of blinking {unknown}
Potions
 b - a potion of lignification {unknown}
 c - a potion of heal wounds {unknown}
 d - a potion of curing {unknown}
 f - a potion of resistance {unknown}
 h - a potion of cancellation {unknown}

Dungeon Overview and Level Annotations

Branches:
Dungeon (3/15)

Altars:
Cheibriados
Yredelemnul

Annotations:
D:3 Sigmund


Message History

Sigmund casts a spell.
Sigmund flickers and vanishes!
Deactivating autopickup; reactivate with Ctrl-A.
You shoot a sling bullet. Something hits you.
You shoot a sling bullet.
You hear some strange, mumbled words.
You are confused.
You shoot a sling bullet. Something hits you.
You shoot a sling bullet. Something hits you.
You shoot a sling bullet. You shoot a sling bullet.
You feel less confused. Something hits you.
You shoot a sling bullet. Something hits you but does no damage.
You shoot a sling bullet. Something hits you but does no damage.
You shoot a sling bullet. Something hits you!
You shoot a sling bullet.
You hear some strange, mumbled words.
You are confused.
You shoot a sling bullet. Something hits you.
You shoot a sling bullet. Something hits you.
You shoot a sling bullet. Something hits you but does no damage.
You shoot a sling bullet. You shoot a sling bullet.
You hear some strange, mumbled words.
A puff of flame appears from out of thin air!
The puff of flame hits you!
You hear some strange, mumbled words.
A puff of flame appears from out of thin air!
The puff of flame hits you!
You die...

#.# ## #.# .###.# .....#######
..........># .#....####.#
################## .#....# #.#
#..{.....@........ .#....#
#.#####..##########.#### .#....#
#.....#@.# #.# .#....# #.###.#..#
#.#
......####'###.#..##########.####
...#+#.........#..##............#
...#.#.........#..##.#######.##.#
.....#.........#..##.# #.##.#
...#.#####+###.#..##.# #.##.#
...#.#####.###.#.....# #.##.#
.....................# #.##.#


There were no monsters in sight!

Vanquished Creatures
  A hound (D:2)
  2 adders
  3 dart slugs
  2 orcs (D:3)
  2 ball pythons (D:1)
  2 bats
  5 endoplasms
  2 giant cockroaches
  5 goblins (D:1)
  8 hobgoblins
  2 quokkas (D:1)
  5 frilled lizards
  4 kobolds (D:1)
  4 rats
47 creatures vanquished.

Notes
Turn   | Place    | Note
-------+----------+-------------------------------------------
     0 | D:1      | qw the Minotaur Hexslinger began the quest for the Orb.
     0 | D:1      | Reached XP level 1. HP: 16/16 MP: 1/1
     0 | D:1      | 0 ||| qw: Version: 0.3-a-46-gb1f654a
     0 | D:1      | 0 ||| qw: Game counter: 1513
     0 | D:1      | 0 ||| qw: Melee chars always use a shield: true
     0 | D:1      | 0 ||| qw: God list: Okawaru
     0 | D:1      | 0 ||| qw: Allow faded altars: false
     0 | D:1      | 0 ||| qw: Do Orc after clearing Dungeon:15 true
     0 | D:1      | 0 ||| qw: Do second Lair branch before Depths: true
     0 | D:1      | 0 ||| qw: Lair rune preference: random
     0 | D:1      | 0 ||| qw: Goals: Normal
     0 | D:1      | 0 ||| PLANNING D:1-11
   131 | D:1      | Reached skill level 3 in Ranged Weapons
   169 | D:1      | Reached XP level 2. HP: 23/23 MP: 2/2
   579 | D:1      | Reached XP level 3. HP: 27/29 MP: 3/3
   743 | D:1      | 743 ||| READING 2 scrolls labelled GAZOZO CUDUM.
   744 | D:1      | 744 ||| READING scroll labelled JUDWIB VEYROAL.
   745 | D:1      | 745 ||| DROPPING scroll of poison.
   806 | D:2      | 806 ||| STAIRDANCE
   897 | D:2      | Identified the +1 war axe of Wurchitur {freeze, rElec rF-
                  | rC- Dex+10}
   958 | D:2      | Reached skill level 4 in Ranged Weapons
  1022 | D:2      | Reached XP level 4. HP: 36/36 MP: 4/4
  1589 | D:2      | 1589 ||| UPGRADING to +0 ring mail.
  1599 | D:2      | 1599 ||| DROPPING +0 robe.
  1600 | D:2      | 1600 ||| UPGRADING to +4 ring of slaying {mikee}.
  1601 | D:2      | 1601 ||| READING scroll labelled JUXKEAPREMIMN.
  1602 | D:2      | 1602 ||| READING scroll labelled MUISE HUYRE JIDGH.
  1603 | D:2      | 1603 ||| READING scroll labelled YMNU SENU OHI.
  1604 | D:2      | 1604 ||| DRINKING 2 sapphire potions.
  1605 | D:2      | 1605 ||| DROPPING potion of magic.
  1697 | D:3      | Reached skill level 1 in Armour
  1718 | D:3      | Found a basalt altar of Yredelemnul.
  1973 | D:3      | Found a snail-covered altar of Cheibriados.
  2069 | D:3      | Reached skill level 5 in Ranged Weapons
  2148 | D:3      | Noticed Sigmund
  2149 | D:3      | 2149 ||| FLEEEEING.
  2150 | D:3      | 2150 ||| FLEEEEING.
  2151 | D:3      | 2151 ||| FLEEEEING.
  2152 | D:3      | 2152 ||| FLEEEEING.
  2153 | D:3      | 2153 ||| FLEEEEING.
  2154 | D:3      | 2154 ||| FLEEEEING.
  2155 | D:3      | 2155 ||| FLEEEEING.
  2156 | D:3      | 2156 ||| FLEEEEING.
  2157 | D:3      | 2157 ||| FLEEEEING.
  2179 | D:3      | HP: 5/36 [something/puff of flame (9)]
  2179 | D:3      | Killed from afar by Sigmund

Levels and vault maps discovered:
D:1:      saegor_arrival_simple_e, layout_loops_cross
D:2:      layout_loops_ring
D:3:      layout_basic, cheibriados_altar_1, lemuel_coloured_pillars_altar,
          amcnicky_mini_corridor_feature, uniq_sigmund

Skill      XL: |  1  2  3  4 |
---------------+-------------+-----
Ranged Weapons | 3 4 5 |  5.0
Fighting       | 2 |  2.0
Armour         | 1 |  1.1
Dodging        | |  2.1
Spellcasting   | |  1.0
Hexes          | |  2.0

Action                     |  1- 3 |  4- 6 || total
---------------------------+-------+-------++-------
   Fire: Sling             |   114 |    66 ||   180
    Use: Scroll            |     2 |     3 ||     5
         Potion            |       |     1 ||     1
 Armour: Robe              |    15 |     1 ||    16
         Ring mail         |       |     4 ||     4
  Dodge: Dodged            |    27 |    18 ||    45

Table legend:
 A = Non-vault XP
 B = Vault XP
 C = Vault XP percentage of total XP
 D = Non-vault monster count
 E = Vault monster count
 F = Vault count percentage of total count
                 A         B        C        D         E       F
            +---------+---------+-------+---------+---------+-------
      Total |     154 |       0 |   0.0 |      47 |       0 |   0.0
            +---------+---------+-------+---------+---------+-------
        D:1 |      50 |       0 |   0.0 |      27 |       0 |   0.0
        D:2 |      69 |       0 |   0.0 |       9 |       0 |   0.0
        D:3 |      35 |       0 |   0.0 |      11 |       0 |   0.0
            +---------+---------+-------+---------+---------+-------
